 Dungeon Crawl Stone Soup version 0.21-a0-426-g98080a9 (webtiles) character file.

137 kae the Insei (level 5, -8/41 HPs)
             Began as a Draconian Transmuter on Nov 7, 2017.
             Killed by divine providence
             ... invoked by an orc priest
              (10 damage)
             ... on level 3 of the Dungeon.
             The game lasted 00:03:15 (3402 turns).

kae the Insei (Draconian Transmuter)                Turns: 3402, Time: 00:03:16

Health: -8/41      AC:  2    Str: 12    XL:     5   Next: 0%
Magic:  7/9        EV: 19    Int: 13    God:
Gold:   101        SH:  0    Dex: 18    Spells: 3/9 levels left

rFire    . . .     SeeInvis .     - Unarmed
rCold    . . .     Gourm    .   (shield currently unavailable)
rNeg     . . .     Faith    .   (armour unavailable)
rPois    x         Spirit   .   (helmet currently unavailable)
rElec    .         Reflect  .   (cloak currently unavailable)
rCorr    .         Harm     .   (gloves currently unavailable)
MR       .....                  (boots currently unavailable)
Stlth    ++........             (no amulet)
HPRegen  0.13/turn              (no ring)
MPRegen  0.11/turn              (no ring)

@: spider-form (expiring)
A: unfitting armour, AC +5
a: End Transformation


You were on level 3 of the Dungeon.
You were not hungry.
You were a venomous arachnid creature.
You visited 1 branch of the dungeon, and saw 3 of its levels.

You collected 101 gold pieces.

Inventory:

Hand Weapons
 e - a +0 club (melded)
Missiles
 a - 26 arrows
Jewellery
 m - an uncursed ring of protection from cold {unknown}
Wands
 o - a wand of clouds (4/9)
Scrolls
 f - 2 scrolls of identify
 g - 2 scrolls of teleportation
 i - a scroll of blinking {unknown}
 k - a scroll of remove curse
Potions
 h - a potion of curing
 n - a potion of lignification {unknown}
Books
 b - a book of Changes

   Spells                             Type                      Level
   a - Beastly Appendage              Transmutation                1
   b - Sticks to Snakes               Transmutation                2
   c - Spider Form                    Transmutation/Poison         3
   d - Ice Form                       Ice/Transmutation            4
   e - Blade Hands                    Transmutation                5
Comestibles
 c - 3 bread rations
 d - a meat ration
 j - a fruit


   Skills:
 + Level 2.2 Fighting
 - Level 1.7 Dodging
 * Level 4.1 Unarmed Combat
 + Level 2.6 Spellcasting
 * Level 3.4 Transmutations


You had 3 spell levels left.
You knew the following spells:

 Your Spells              Type           Power        Failure   Level  Hunger
a - Beastly Appendage     Tmut           ##....       17%         1    #......
b - Sticks to Snakes      Tmut           ##......     22%         2    ###....
c - Spider Form           Tmut/Pois      #.........   56%         3    ###....


Dungeon Overview and Level Annotations

Branches:
Dungeon (3/15)

Altars:


Innate Abilities, Weirdness & Mutations

((Your plain brown scales are hard. (AC +5)))
You cannot fit into any form of body armour.
((You are cold-blooded and may be slowed by cold attacks.))


Message History

The orc priest looks as sick as possible!
The orc priest is lightly wounded.
The orc priest mumbles some strange prayers to Beogh against you.
Beogh smites you!
You hit the orc priest.
The orc priest looks as sick as possible!
The orc priest is heavily wounded.
The worm bites you.
* * * LOW HITPOINT WARNING * * *
The orc priest calls down the wrath of Beogh upon you.
Beogh smites you!
* * * LOW HITPOINT WARNING * * *
You hit the orc priest.
The orc priest looks as sick as possible!
The orc priest is severely wounded.
The orc priest looks encouraged for a moment.
A bat comes into view.
The orc priest mumbles some strange prayers to Beogh against you.
Beogh smites you!
You die...

# #...o.<.w...w
##.
#........#####
#.. ..........#
#.# ........(.#
#.# ..........#
#.# ..........#
#.##..........#
#wo.........?..
#s##......
?..b....# .....
...####.# ....
#.# ... #.# ..
#.# . #.# #..


You could see a worm, an orc priest and a bat.

Vanquished Creatures
  An orc wizard (D:2)
  Natasha (D:2)
  2 adders (D:2)
  2 worms (D:2)
  4 dart slugs
  2 leopard geckos (D:2)
  An orc (D:2)
  A giant cockroach (D:1)
  3 goblins
  8 hobgoblins
  4 jackals (D:1)
  A quokka (D:3)
  6 bats
  5 frilled lizards
  5 kobolds
  5 rats
51 creatures vanquished.

Vanquished Creatures (collateral kills)
  2 orcs (D:2)
  A frilled lizard (D:2)
3 creatures vanquished.

Grand Total: 54 creatures vanquished

Notes
Turn   | Place    | Note
-------+----------+-------------------------------------------
     0 | D:1      | kae the Draconian Transmuter began the quest for the Orb.
     0 | D:1      | Reached XP level 1. HP: 16/16 MP: 3/3
    67 | D:1      | Reached XP level 2. HP: 8/23 MP: 1/5
   869 | D:1      | Reached XP level 3. HP: 14/28 MP: 6/6
  1477 | D:2      | Learned a level 2 spell: Sticks to Snakes
  1481 | D:2      | Learned a level 3 spell: Spider Form
  2102 | D:2      | Noticed Natasha
  2115 | D:2      | Killed Natasha
  2115 | D:2      | Reached XP level 4. HP: 31/36 MP: 3/7
  2495 | D:2      | HP: 1/36 [orc wizard/magic dart (7)]
  2496 | D:2      | Reached skill level 4 in Unarmed Combat
  3319 | D:2      | Reached XP level 5. HP: 31/41 MP: 9/9
  3400 | D:3      | HP: 2/41 [orc priest/divine providence (10)]
  3402 | D:3      | Killed from afar by an orc priest

Vault maps used:
D:1:      denvon_arrival_waterhouse
D:2:      hangedman_abyss_or_decor_lesser_grid, uniq_natasha
D:3:      uniq_robin

Skill      XL: |  1  2  3  4 |
---------------+-------------+-----
Fighting       | 2 |  2.2
Transmutations | 3 |  3.4
Unarmed Combat | 4 |  4.1
Dodging        | |  1.7
Spellcasting   | |  2.6

Action                   |  1- 3 |  4- 6 || total
-------------------------+-------+-------++-------
Melee: Unarmed           |    57 |     9 ||    66
       Tailslap          |    21 |     9 ||    30
       Punch             |     5 |       ||     5
       Headbutt          |     1 |     1 ||     2
       Club              |   118 |    64 ||   182
       Kick              |     7 |     1 ||     8
 Cast: Beastly Appendage |     6 |     3 ||     9
       Sticks to Snakes  |     1 |     1 ||     2
       Spider Form       |     1 |     1 ||     2
  Use: Scroll            |     3 |       ||     3
 Stab: Sleeping          |     2 |       ||     2
  Eat: Chunk             |     3 |     6 ||     9
Armor: Skin              |    79 |    19 ||    98
Dodge: Dodged            |   193 |    64 ||   257

Table legend:
 A = Spawn XP
 B = Non-spawn XP
 C = Spawn XP percentage of total XP
 D = Spawn monster count
 E = Non-spawn monster count
 F = Spawn count percentage of total count
 G = Total turns spent on level
                    A         B        C        D         E        F      G
               +---------+---------+-------+---------+---------+-------+---------
         Total |       0 |     196 |   0.0 |       0 |      54 |   0.0 |  3402
               +---------+---------+-------+---------+---------+-------+---------
           D:1 |       0 |      50 |   0.0 |       0 |      29 |   0.0 |  1179
           D:2 |       0 |     144 |   0.0 |       0 |      24 |   0.0 |  2167
           D:3 |       0 |       2 |   0.0 |       0 |       1 |   0.0 |    56
               +---------+---------+-------+---------+---------+-------+---------
